 Dungeon Crawl Stone Soup version 0.30.1-3-gfc49f6343a (webtiles) character file.

Game seed: 14026472290682686275

83 Martska the Trooper (level 4, 0/43 HPs)
             Began as an Ogre Gladiator on July 19, 2023.
             Slain by an adder (1 damage)
             ... on level 3 of the Dungeon.
             The game lasted 00:03:30 (2445 turns).

Martska the Trooper (Ogre Gladiator)                Turns: 2445, Time: 00:03:31

Health: 0/43       AC:  4    Str: 19    XL:     4   Next: 44%
Magic:  4/4        EV: 11    Int:  8    God:
Gold:   95         SH:  0    Dex: 14    Spells: 3/3 levels left

rFire   . . .        a - +0 flail
rCold   x . .        (no shield)
rNeg    . . .        b - +0 robe
rPois   .            c - +0 hat
rElec   .            (no cloak)
rCorr   .            (gloves unavailable)
SInv    .            (boots unavailable)
Will    .....        (no amulet)
Stlth   +            (no ring)
HPRegen 0.27/turn    (no ring)
MPRegen 0.09/turn

%: no passive effects
@: lethally poisoned (0 -> -2), flying
A: large, unfitting armour, tough skin 1, agile 1, frail 1, shaggy fur 1, cold
vulnerability 1
a: no special abilities


You were on level 3 of the Dungeon.
You visited 1 branch of the dungeon, and saw 3 of its levels.

You collected 95 gold pieces.

Inventory:

Hand Weapons
 a - a +0 flail (weapon)
Missiles
 d - 3 throwing nets (quivered)
 e - a large rock
Armour
 b - a +0 robe (worn)
 c - a +0 hat (worn)
Jewellery
 l - a ring of poison resistance
 p - a +6 ring of dexterity
 t - a ring of flight
Scrolls
 i - a scroll of blinking {unknown}
 j - a scroll of identify {unknown}
 k - 2 scrolls of teleportation {unknown}
 m - a scroll of silence {unknown}
 n - a scroll of fog {unknown}
 q - a scroll of noise {unknown}
 r - a scroll of enchant weapon {unknown}
Potions
 h - a potion of haste {unknown}
 o - a potion of curing {unknown}
 s - a potion of resistance {unknown}
 u - a potion of attraction {unknown}
 v - a potion of heal wounds {unknown}
 w - a potion of brilliance {unknown}


   Skills:
 * Level 4.1 Fighting
 * Level 3.4 Maces & Flails
 - Level 2.0 Throwing
 * Level 3.4 Dodging


You had 3 spell levels left.
You didn't know any spells.
Your spell library contained the following spells:

 Spells                   Type           Power      Damage    Failure   Level
 Sublimation of Blood     Necr           0%         N/A       54%         2
 Wereblood                Tmut           0%         N/A       54%         2
 Summon Hydra             Summ           0%         N/A       100%        7


Dungeon Overview and Level Annotations

Branches:
Dungeon (3/15)

Altars:

Shops:
D:3 [

Annotations:
D:3 Jessica


Innate Abilities, Weirdness & Mutations

You are too large for most types of armour.
You have tough skin. (AC +1)
You are agile. (Dex +4, Str/Int -1)
You are frail. (-10% HP)
You are covered in fur. (AC +1)
You are vulnerable to cold. (rC-)


Message History

You hit the adder.
The adder is severely wounded.
You feel sick. The adder barely misses you. The adder bites you.
You hit the adder.
The adder is almost dead.
You feel sick.
You are no longer poisoned.
The adder bites you.
You are poisoned.
The adder poisons you!
You hit the adder but do no damage.
The adder is almost dead.
You feel sick. The adder bites you but does no damage. The adder bites you.
* * * LOW HITPOINT WARNING * * *
You barely miss the adder.
The adder is almost dead.
You feel sick. The adder bites you.
* * * LOW HITPOINT WARNING * * *
You are more poisoned.
The adder poisons you! The adder misses you.
You barely miss the adder.
The adder is almost dead.
* * * LOW HITPOINT WARNING * * *
You feel sick. The adder bites you but does no damage.
You closely miss the adder.
The adder is almost dead.
* * * LOW HITPOINT WARNING * * *
You feel sick. The adder bites you but does no damage. The adder bites you.
* * * LOW HITPOINT WARNING * * *
It was a potion of flight.
You feel very buoyant.
You fly up into the air.
* * * LOW HITPOINT WARNING * * *
You feel sick. The adder completely misses you.
It was a potion of mutation.
You feel extremely strange.
You feel agile.
You feel frail.
You feel vulnerable to cold. Fur sprouts all over your body.
* * * LOW HITPOINT WARNING * * *
You feel sick. The adder bites you.
You die...

#.#########
........)@# ##
#.......S## .#
#.#.###..# (#
#.#≈≈≈#..# .#
####.~~≈≈≈..# ..
...>...∩≈≈..# .#
####..~≈~≈≈..#
.###......≈≈≈...##
).........)......#


You could see an adder.

Vanquished Creatures
  3 worms
  A dart slug (D:1)
  4 orcs (D:3)
  2 ball pythons (D:2)
  7 bats
  7 endoplasms
  2 giant cockroaches (D:1)
  9 goblins
  7 hobgoblins
  3 jackals (D:3)
  4 quokkas
  2 frilled lizards
  5 kobolds
  4 rats
60 creatures vanquished.

Notes
Turn   | Place    | Note
-------+----------+-------------------------------------------
     0 | D:1      | Martska the Ogre Gladiator began the quest for the Orb.
     0 | D:1      | Reached XP level 1. HP: 22/22 MP: 1/1
    84 | D:1      | Reached skill level 3 in Fighting
   166 | D:1      | Reached XP level 2. HP: 31/31 MP: 2/2
   752 | D:1      | Reached XP level 3. HP: 32/37 MP: 3/3
  1893 | D:2      | Reached XP level 4. HP: 40/48 MP: 4/4
  2174 | D:3      | Noticed Jessica
  2378 | D:3      | Reached skill level 4 in Fighting
  2400 | D:3      | Found Vestryuqi's Antique Armour Boutique.
  2444 | D:3      | HP: 2/48 [poisoned by an adder]
  2445 | D:3      | Gained mutation: You are agile. (Dex +4, Str/Int -1)
                  | [potion of mutation]
  2445 | D:3      | Gained mutation: You are frail. (-10% HP) [potion of
                  | mutation]
  2445 | D:3      | Gained mutation: You are vulnerable to cold. (rC-) [potion
                  | of mutation]
  2445 | D:3      | Gained mutation: You are covered in fur. (AC +1) [potion of
                  | mutation]
  2445 | D:3      | Slain by an adder

Illustrated notes

Levels and vault maps discovered:
D:1:      lordsloth_arrival_two_stooges, layout_loops_corners, minivault_26
D:2:      minmay_chambers_of_twos, layout_loops_ring
D:3:      layout_basic, lemuel_round_altar, cheibrodos_sewer_entry_bend,
          serial_shops, nicolae_shop_waterfront, serial_co_window_serial,
          co_window_paths_a, co_window_paths_a, co_window_cross_1,
          co_window_corner_a, co_window_corner_a, co_window_paths_c,
          co_window_broadway_c, co_window_cross_3, glass_columns_a,
          glass_columns_a, glass_columns_a, glass_columns_b, uniq_jessica

Skill      XL: |  1  2  3  4 |
---------------+-------------+-----
Fighting       | 3 4 |  4.1
Maces & Flails | 3 |  3.4
Dodging        | 3 |  3.4
Throwing       | |  2.0

Action                     |  1- 3 |  4- 6 || total
---------------------------+-------+-------++-------
  Melee: Flail             |   123 |    57 ||   180
         Punch             |     2 |       ||     2
    Use: Potion            |       |     2 ||     2
   Stab: Sleeping          |     1 |       ||     1
 Armour: Robe              |    57 |    20 ||    77
  Dodge: Dodged            |    84 |    34 ||   118
